 Dungeon Crawl Stone Soup version 0.20.1-1-g8b1a95d (webtiles) character file.

57 Baril the Magician (level 4, 0/26 HPs)
             Began as a Gargoyle Wizard on Nov 12, 2017.
             Slain by Crazy Yiuf
             ... wielding a +4 quarterstaff of chaos
              (10 damage)
             ... on level 2 of the Dungeon.
             The game lasted 00:18:47 (1957 turns).

Baril the Magician (Gargoyle Wizard)                Turns: 1957, Time: 00:18:48

Health: 0/26       AC:  9    Str: 12    XL:     4   Next: 0%
Magic:  9/9        EV: 13    Int: 18    God:
Gold:   71         SH:  0    Dex:  8    Spells: 7/10 levels left

rFire    . . .     SeeInvis .   a - +0 mace
rCold    . . .     Gourm    +   (no shield)
rNeg     + . .     Faith    .   p - +0 ring mail
rPois    ∞         Spirit   .   h - +0 helmet
rElec    +         Reflect  .   (no cloak)
rCorr    .         Harm     .   (no gloves)
MR       .....                  (no boots)
Stlth    +.........             v - amulet of the gourmand
Regen    0.1/turn               j - +3 ring of evasion
MPRegen  0.2/turn               (no ring)

@: hasted, very quick
A: negative energy resistance 1, electricity resistance, unbreathing,
petrification resistance, rot immunity, AC +3
a: no special abilities


You were on level 2 of the Dungeon.
You were not hungry.

You visited 1 branch of the dungeon, and saw 2 of its levels.

You collected 71 gold pieces.

Inventory:

Hand Weapons
 a - a +0 mace (weapon)
Missiles
 f - 37 arrows
 l - 52 stones (quivered)
 m - 37 bolts
 r - 47 sling bullets
Armour
 b - a +0 hat
 e - a +0 robe
 h - a +0 helmet (worn)
 p - a +0 ring mail (worn)
Jewellery
 j - a +3 ring of evasion (left hand)
 v - an amulet of the gourmand (around neck)
Scrolls
 q - a scroll of remove curse {unknown}
 s - a scroll of enchant weapon {unknown}
 t - a scroll of noise {unknown}
Potions
 g - a potion of haste {unknown}
 i - a potion of curing {unknown}
 n - 2 potions of mutation {unknown}
 u - a potion of heal wounds {unknown}
Books
 c - a book of Minor Magic

   Spells                             Type                      Level
   a - Magic Dart                     Conjuration                  1
   b - Blink                          Translocation                2
   c - Call Imp                       Summoning                    2
   d - Slow                           Hexes                        2
   e - Conjure Flame                  Conjuration/Fire             3
   f - Mephitic Cloud                 Conjuration/Poison/Air       3
Comestibles
 d - 2 bread rations
 k - 2 fruits


   Skills:
 + Level 2.1 Fighting
 + Level 0.0 Maces & Flails
 + Level 0.7 Armour
 + Level 1.6 Dodging
 - Level 2.1 Stealth
 * Level 3.7 Spellcasting
 - Level 1.1 Conjurations
   Level 0.8 Summonings
 * Level 1.1 Translocations


You had 7 spell levels left.
You knew the following spells:

 Your Spells              Type           Power        Failure   Level  Hunger
a - Magic Dart            Conj           #...         22%         1    None
b - Blink                 Tloc           N/A          32%         2    ##.....


Dungeon Overview and Level Annotations

Branches:
Dungeon (2/15)

Altars:
Okawaru

Annotations:
D:2 Crazy Yiuf


Innate Abilities, Weirdness & Mutations

You are resistant to torment.
Your stone body is resilient. (AC +3)
You are immune to poison.
You resist negative energy. (rN+)
You are resistant to electric shocks. (rElec)
You can survive without breathing.
You are immune to petrification.
You are immune to rotting.


Message History

Throwing (i - inventory):
l - 53 stones (quivered)
Press: ? - help, Shift-Dir - straight line, f/p - Crazy Yiuf
Aim: Crazy Yiuf, wielding a quarterstaff of chaos and wearing a glowing cloak You throw a stone.
The stone closely misses Crazy Yiuf.
You barely miss Crazy Yiuf.
Crazy Yiuf says, "Snower!
Orb sanguine down."
Crazy Yiuf hits you but does no damage.
You barely miss Crazy Yiuf.
Crazy Yiuf twirls on the spot.
Crazy Yiuf barely misses you.
You barely miss Crazy Yiuf.
Crazy Yiuf flaps his cloak.
Crazy Yiuf hits you with a quarterstaff of chaos.
Crazy Yiuf burns you.
Crazy Yiuf hits you with a quarterstaff of chaos!
You feel yourself speed up.
You hit Crazy Yiuf.
Crazy Yiuf is lightly wounded.
Crazy Yiuf hits you with a quarterstaff of chaos!
You die...

#...########.......##
###.#.............##
#.#.#######....##
##### #...##### #..##
#.. ♣♣♣♣♣##...# #.#
###**♣♣♣)♣)..#.#.###.#
#)))#♣))♣)........##>#
#())g@♣♣♣♣............
#)))#♣♣ ♣♣..#....##.#
###** ♣♣##.....#.#
##.)#.#.# #..#.#.#
####### #..#.#.#
##.....# ###..#.#.#
##......# #........#
#.......###.#......÷


You could see Crazy Yiuf.

Vanquished Creatures
  A gnoll (D:1)
  An adder (D:2)
  An ooze (D:2)
  A dart slug (D:1)
  A ball python (D:2)
  2 bats (D:1)
  A giant cockroach (D:2)
  3 goblins
  5 hobgoblins
  A jackal (D:2)
  A frilled lizard (D:1)
  8 kobolds
  3 rats
29 creatures vanquished.

Notes
Turn   | Place    | Note
-------+----------+-------------------------------------------
     0 | D:1      | Baril the Gargoyle Wizard began the quest for the Orb.
     0 | D:1      | Reached XP level 1. HP: 10/10 MP: 4/4
   276 | D:1      | Reached skill level 1 in Fighting
   319 | D:1      | You fall through a shaft!
   356 | D:2      | Reached XP level 2. HP: 16/16 MP: 1/6
   360 | D:2      | Learned a level 2 spell: Blink
   660 | D:1      | Reached XP level 3. HP: 21/21 MP: 4/7
  1034 | D:1      | Reached skill level 1 in Translocations
  1250 | D:2      | Found an iron altar of Okawaru.
  1753 | D:2      | Reached XP level 4. HP: 25/26 MP: 9/9
  1934 | D:2      | Found a runed door.
  1951 | D:2      | Noticed Crazy Yiuf
  1957 | D:2      | Slain by Crazy Yiuf

Skill      XL: |  1  2  3 |
---------------+----------+-----
Fighting       | 1 2 |  2.1
Translocations | 1 |  1.1
Armour         | |  0.7
Dodging        | |  1.6
Stealth        | |  2.1
Spellcasting   | |  3.7
Conjurations   | |  1.1
Summonings     | |  0.8

Action                   |  1- 3 |  4- 6 || total
-------------------------+-------+-------++-------
Melee: Dagger            |     2 |       ||     2
       Mace              |    83 |     4 ||    87
Throw: Stone             |     2 |     2 ||     4
 Cast: Magic Dart        |    29 |       ||    29
  Use: Scroll            |       |     1 ||     1
 Stab: Sleeping          |     1 |       ||     1
  Eat: Chunk             |    11 |       ||    11
Armor: Robe              |     3 |       ||     3
       Ring mail         |    32 |     1 ||    33
Dodge: Dodged            |    72 |     1 ||    73
